 Dungeon Crawl Stone Soup version 0.19.1-1-g22dce08 (webtiles) character file.

2058 theAP the Basher (level 9, 0/60 HPs)
             Began as a Gargoyle Fighter on Jan 5, 2017.
             Was an Initiate of Qazlal.
             Slain by an iguana (2 damage)
             ... on level 7 of the Dungeon.
             The game lasted 00:14:16 (4534 turns).

theAP the Basher (Gargoyle Fighter)                 Turns: 4534, Time: 00:14:16

Health: 0/60       AC: 14    Str: 29    XL:     9   Next: 25%
Magic:  9/9        EV:  6    Int:  8    God:    Qazlal [......]
Gold:   209        SH: 10    Dex:  9    Spells: 0 memorised, 8 levels left

rFire  . . .     SeeInvis .     A - +2 flail (crush)
rCold  . . .     Gourm    .     e - +0 chain mail
rNeg   + . .     Faith    .     c - +0 shield
rPois  ∞         Spirit   .     h - +0 hat
rElec  +         Reflect  .     (no cloak)
rCorr  +         Harm     .     (no gloves)
MR     .....                    (no boots)
Stlth  ..........               p - amulet of magic regeneration
                                (no ring)
                                z - ring of resist corrosion

@: mighty
A: negative energy resistance 1, electricity resistance, unbreathing,
petrification resistance, rot immunity, AC +5
a: Renounce Religion


You were on level 7 of the Dungeon.
You worshipped Qazlal.
Qazlal was noncommittal.
You were very hungry.

You visited 2 branches of the dungeon, and saw 8 of its levels.
You also visited: Sewer.

You collected 209 gold pieces.

Inventory:

Hand Weapons
 a - a +1 flail
 m - a +2 whip of freezing
 A - a +2 flail of crushing (weapon)
Armour
 c - a +0 shield (worn)
 e - a +0 chain mail (worn)
 h - a +0 hat (worn)
Jewellery
 p - an amulet of magic regeneration (around neck)
 z - a ring of resist corrosion (left hand)
 B - a +6 ring of strength {unknown}
Wands
 q - a wand of lightning (7/15)
 x - a wand of flame (35/48)
Scrolls
 b - a scroll of recharging
 s - a scroll of summoning {unknown}
 u - 3 scrolls of identify
 y - 2 scrolls of remove curse
 C - a scroll of teleportation {unknown}
Potions
 g - 3 potions of degeneration {unknown}
 j - a potion of heal wounds
 k - a potion of lignification {unknown}
 l - a potion of invisibility {unknown}
 n - 2 potions of resistance
 o - a potion of flight
 r - a potion of agility {unknown}
 t - a potion of cure mutation {unknown}
 D - a potion of curing {unknown}
Books
 E - a Young Poisoner's Handbook

   Spells                             Type                      Level
   a - Sting                          Conjuration/Poison           1
   b - Mephitic Cloud                 Conjuration/Poison/Air       3
   c - Olgreb's Toxic Radiance        Poison                       4
   d - Alistair's Intoxication        Transmutation/Poison         5
   e - Venom Bolt                     Conjuration/Poison           5
 F - a book of Misfortune

   Spells                             Type                      Level
   a - Confusing Touch                Hexes                        1
   b - Confuse                        Hexes                        3
   c - Gell's Gravitas                Hexes/Translocation          3
   d - Petrify                        Transmutation/Earth          4
   e - Metabolic Englaciation         Hexes/Ice                    5
   f - Yara's Violent Unravelling     Hexes/Transmutation          5
Comestibles
 f - a bread ration
 i - 2 meat rations
 v - a slice of pizza
 w - a beef jerky


   Skills:
 + Level 8.3 Fighting
 * Level 9.8 Maces & Flails
 - Level 3.4 Armour
 - Level 3.4 Shields


You had 8 spell levels left.
You didn't know any spells.

Dungeon Overview and Level Annotations

Branches:
Dungeon (7/15)             Temple (1/1) D:5

Altars:
Dithmenos
Fedhas
Hepliaklqana
Okawaru
Qazlal
Sif Muna
Uskayaw
Vehumet
The Shining One

Annotations:
D:7 Prince Ribbit


Innate Abilities, Weirdness & Mutations

You are resistant to torment.
Your stone body is resilient. (AC +5)
You are immune to poison.
You resist negative energy. (rN+)
You are resistant to electric shocks. (rElec)
You can survive without breathing.
You are immune to petrification.
You are immune to rotting.


Message History

You are too injured to fight recklessly!
You are too injured to fight recklessly!
You are too injured to fight recklessly!
You are too injured to fight recklessly!
You are too injured to fight recklessly!
You are too injured to fight recklessly!
You are too injured to fight recklessly!
You block the orc warrior's attack. The iguana barely misses you.
Prince Ribbit hits you!
* * * LOW HITPOINT WARNING * * *
You hit the orc warrior.
The orc warrior is lightly wounded.
You block Prince Ribbit's attack. You block the orc warrior's attack.
The iguana bites you but does no damage.
The orc priest hits you with a whip.
* * * LOW HITPOINT WARNING * * *
You bludgeon the orc warrior!!
The orc warrior is almost dead.
Prince Ribbit barely misses you. The iguana bites you.
You die...

..####.##
###.#.%...
.........# #
.o..#..##. .
........ ..
#.#..##.#
#.##ol.$...#
#...o@F.#
#######.######
#..<....#
#..####.# #...
# #... #....
#.#$# #. ..


You could see Prince Ribbit, an orc warrior, an iguana, an orc priest and an orc
(wandering).

Vanquished Creatures
  Pikel (D:4)
  Grinder (D:5)
  Eustachio (D:5)
  An ice beast (D:6)
  2 ogres
  A big kobold (Sewer)
  A bullfrog (D:6)
  A scorpion (D:6)
  4 wights (D:6)
  3 crimson imps
  A gnoll shaman (D:6)
  A bullfrog skeleton (D:4)
  A hound (D:4)
  An iguana (D:7)
  2 orc wizards (D:5)
  4 worker ants
  9 gnolls
  7 adders
  A river rat (Sewer)
  2 shadow imps
  An adder skeleton (D:5)
  2 adder zombies
  2 worms (D:3)
  2 dart slugs (D:2)
  5 leopard geckos
  5 orcs
  4 ball pythons
  6 giant cockroaches
  7 goblins
  7 hobgoblins
  13 jackals
  2 quokkas (D:3)
  4 bats
  6 frilled lizards
  8 kobolds
  A leopard gecko skeleton (D:4)
  13 rats
133 creatures vanquished.

Notes
Turn   | Place    | Note
-------+----------+-------------------------------------------
     0 | D:1      | theAP the Gargoyle Fighter began the quest for the Orb.
     0 | D:1      | Reached XP level 1. HP: 14/14 MP: 1/1
   124 | D:1      | Reached XP level 2. HP: 19/19 MP: 2/2
   631 | D:2      | Reached XP level 3. HP: 23/24 MP: 3/3
   791 | D:2      | Reached skill level 3 in Maces & Flails
   833 | D:2      | Reached XP level 4. HP: 29/29 MP: 4/4
  1626 | D:4      | Reached skill level 4 in Maces & Flails
  1626 | D:4      | Reached XP level 5. HP: 24/34 MP: 5/5
  1648 | D:4      | You fall through a shaft!
  1648 | D:5      | Entered Level 5 of the Dungeon
  1664 | D:5      | Noticed Grinder
  1671 | D:5      | Paralysed by Grinder for 7 turns
  1695 | D:5      | Killed Grinder
  1695 | D:5      | Reached skill level 5 in Fighting
  1695 | D:5      | Reached skill level 5 in Maces & Flails
  1695 | D:5      | Reached XP level 6. HP: 24/40 MP: 6/6
  1842 | D:4      | Found a glowing drain.
  1886 | Sewer    | Entered a sewer
  2117 | Sewer    | Reached XP level 7. HP: 40/44 MP: 7/7
  2188 | Sewer    | Found a white marble altar of Elyvilon.
  2300 | D:4      | Noticed Pikel
  2348 | D:4      | Killed Pikel
  2348 | D:4      | Reached skill level 7 in Maces & Flails
  2348 | D:4      | Reached XP level 8. HP: 27/52 MP: 8/8
  2819 | D:5      | Noticed Eustachio
  2883 | D:5      | Killed Eustachio
  2883 | D:5      | Reached skill level 8 in Maces & Flails
  3351 | D:5      | Found a staircase to the Ecumenical Temple.
  3363 | Temple   | Entered the Ecumenical Temple
  3388 | Temple   | Became a worshipper of Qazlal Stormbringer
  3869 | D:6      | Reached skill level 9 in Maces & Flails
  3883 | D:6      | Reached XP level 9. HP: 43/59 MP: 9/9
  4520 | D:7      | Noticed Prince Ribbit
  4533 | D:7      | HP: 1/60 [orc priest/whip (4)]
  4534 | D:7      | Slain by an iguana

Skill      XL: |  1  2  3  4  5  6  7  8  9 |
---------------+----------------------------+-----
Fighting       | 4 5 6 7 8 |  8.3
Maces & Flails | 3 4 5 7 9 |  9.8
Armour         | |  3.4
Shields        | |  3.4

Action                   |  1- 3 |  4- 6 |  7- 9 || total
-------------------------+-------+-------+-------++-------
Melee: Flail             |   124 |   209 |    86 ||   419
       Whip              |       |       |   257 ||   257
  Use: Scroll            |     2 |     8 |     4 ||    14
       Potion            |       |     1 |     4 ||     5
  Eat: Chunk             |       |     2 |     4 ||     6
       Bread ration      |       |     1 |       ||     1
       Pizza             |       |       |     1 ||     1
Armor: Scale mail        |    83 |   158 |    37 ||   278
       Chain mail        |       |       |    86 ||    86
Dodge: Dodged            |    55 |    84 |    63 ||   202
Block: Shield            |    78 |   140 |   112 ||   330
